AoeStats
← PosingArtist511

Black Forest

508939303Analyzed
4v4 RM · 8d ago on Sep 24, 2026· 107m 44s· 8 players
Game mode
Random Map
Map size
Large (8 player)
Population
200
Speed
Normal
Resources
Standard
Victory
Conquest
Starting age
Dark Age
Ending age
Imperial Age
RankedLock teamsTeams togetherTeam positionsShared explorationLock speedFull tech treeHidden civsTurbo modeCheats
Victory
Defeat
🇲🇽 Huns · Mexico
595
+16
🇱🇺 Persians · Luxembourg
568
+17
🇮🇹 Turks · Italy
555
+17
🇲🇽 Khmer · Mexico
552
+17
🇰🇼 Spanish · Kuwait
642
-19
🇩🇪 Persians · Germany
615
-18
🇹🇷 Magyars · Türkiye
602
-18
🇹🇷 Turks · Türkiye
469
-12
QC FENIX
10:09 Loom
12:38 Feudal Age
13:57 Wheelbarrow
13:13 Double-Bit Axe
13:31 Horse Collar
13:50 Fishing Lines
23:04 Castle Age
21:33 Gold Mining
21:34 Stone Mining
25:09 Hand Cart
25:39 Gillnets
26:18 Bow Saw
26:34 Caravan
29:10 Coinage
37:08 Imperial Age
35:41 Ballistics
35:33 Masonry
35:19 Murder Holes
35:43 Scale Barding Armor
35:49 Forging
36:47 Gold Shaft Mining
37:50 Town Watch
39:08 Chemistry
39:13 Two-Man Saw
38:18 Heavy Plow
38:55 Banking
38:36 Guilds
38:52 Husbandry
39:03 Bloodlines
38:17 Elite Tarkan
39:00 Marauders
39:21 Conscription
39:48 Iron Casting
39:34 Chain Barding Armor
41:47 Atheism
42:36 Blast Furnace
42:12 Plate Barding Armor
63:06 Town Patrol
105:22 Spies/Treason
Karma KoS
0:30 Loom
11:22 Feudal Age
14:45 Double-Bit Axe
21:58 Castle Age
20:04 Gold Mining
20:04 Horse Collar
23:15 Scale Barding Armor
23:21 Forging
25:14 Chain Barding Armor
25:30 Iron Casting
26:33 Scale Mail Armor
28:33 Heavy Plow
29:12 Gold Shaft Mining
28:32 Stone Mining
30:58 Stone Shaft Mining
34:37 Imperial Age
35:53 Elite Ballista Elephant
38:57 Tusk Swords
42:31 Double Crossbow
43:09 Chain Mail Armor
43:30 Plate Barding Armor
43:57 Blast Furnace
43:14 Bloodlines
43:06 Husbandry
44:03 Elite Battle Elephant
46:56 Arson
46:32 Pikeman
47:37 Siege Engineers
55:22 Ballistics
58:26 Caravan
58:59 Coinage
59:08 Wheelbarrow
63:31 Bow Saw
64:01 Crop Rotation
64:39 Banking
64:29 Hand Cart
65:38 Hoardings
64:36 Sappers
90:03 Fervor
97:47 Murder Holes
97:58 Siphons
104:58 Spies/Treason
El Gringo (6ty9ne)
13:20 Feudal Age
14:36 Horse Collar
14:43 Double-Bit Axe
21:23 Castle Age
20:31 Scale Barding Armor
20:27 Scale Mail Armor
20:38 Forging
20:18 Fletching
20:28 Padded Archer Armor
21:12 Gold Mining
21:15 Stone Mining
22:21 Bow Saw
24:12 Heavy Plow
25:31 Stone Shaft Mining
27:34 Wheelbarrow
28:16 Gold Shaft Mining
30:18 Iron Casting
29:58 Chain Mail Armor
32:21 Hand Cart
33:21 Pikeman
34:02 Squires
35:23 Murder Holes
35:19 Heated Shot
37:28 Masonry
37:41 Ballistics
42:01 Imperial Age
40:28 Chain Barding Armor
40:24 Leather Archer Armor
40:04 Bodkin Arrow
41:31 Caravan
43:10 Hoardings
42:56 Conscription
42:39 Kamandaran
44:48 Cavalier
44:49 Light Cavalry
45:39 Bloodlines
45:30 Husbandry
45:25 Crossbowman
48:15 Halberdier
52:26 Onager
53:23 Thumb Ring
58:55 Plate Barding Armor
58:51 Ring Archer Armor
58:52 Plate Mail Armor
59:22 Blast Furnace
61:11 Elite War Elephant
62:22 Elite Skirmisher
63:15 Savar
63:16 Hussar
76:39 Chemistry
77:17 Citadels
88:23 Devotion
90:04 Two-Man Saw
89:38 Crop Rotation
107:11 Spies/Treason
PosingArtist511
13:46 Feudal Age
14:09 Horse Collar
14:31 Double-Bit Axe
24:47 Wheelbarrow
27:18 Castle Age
30:56 Loom
32:20 Bow Saw
32:31 Town Watch
33:03 Murder Holes
33:56 Caravan
35:40 Ballistics
38:47 Imperial Age
36:57 Husbandry
36:56 Loom
38:10 Gold Mining
38:12 Stone Mining
40:06 Fortified Wall
40:49 Forging
43:07 Hand Cart
42:37 Cavalier
46:23 Elite Janissary
51:10 Iron Casting
50:41 Scale Barding Armor
54:55 Two-Man Saw
54:47 Chain Barding Armor
55:27 Blast Furnace
56:11 Guilds
60:09 Plate Barding Armor
104:01 Bloodlines
Mini440
0:59 Loom
11:46 Feudal Age
12:25 Double-Bit Axe
13:18 Wheelbarrow
12:30 Town Watch
14:09 Horse Collar
21:40 Castle Age
20:19 Gold Mining
20:20 Stone Mining
23:46 Hand Cart
23:49 Bow Saw
23:56 Heavy Plow
24:26 Caravan
28:54 Stone Shaft Mining
28:57 Squires
28:43 Arson
28:44 Gambesons
30:32 Murder Holes
31:43 Fortified Wall
31:51 Masonry
32:33 Inquisition
33:02 Ballistics
32:45 Pikeman
37:23 Imperial Age
35:06 Town Patrol
36:17 Forging
36:13 Scale Barding Armor
36:10 Scale Mail Armor
36:16 Padded Archer Armor
36:11 Fletching
35:55 Elite Skirmisher
36:44 Thumb Ring
37:20 Husbandry
37:31 Bloodlines
36:42 Light Cavalry
38:34 Iron Casting
38:20 Chain Barding Armor
38:57 Chain Mail Armor
39:22 Conscription
39:39 Hoardings
38:35 Sappers
40:27 Two-Man Saw
39:17 Arrowslits
40:18 Supremacy
41:18 Chemistry
40:53 Architecture
40:36 Elite Conquistador
41:37 Guilds
43:21 Blast Furnace
42:38 Leather Archer Armor
42:33 Bodkin Arrow
43:17 Plate Mail Armor
43:41 Plate Barding Armor
43:55 Halberdier
51:13 Theocracy
51:14 Illumination
51:06 Block Printing
51:29 Theocracy
51:18 Sanctity
51:08 Fervor
51:14 Hussar
56:48 Ring Archer Armor
56:19 Bracer
60:41 Heavy Mounted Crossbowman
61:33 Heavy Mounted Crossbowman
78:45 Redemption
EidechseKran22
0:46 Loom
11:20 Feudal Age
11:53 Double-Bit Axe
13:35 Wheelbarrow
14:38 Horse Collar
17:33 Town Watch
24:24 Castle Age
22:22 Stone Mining
25:32 Hand Cart
26:28 Bow Saw
26:25 Heavy Plow
27:47 Stone Shaft Mining
27:05 Gold Mining
28:12 Town Patrol
30:20 Gold Shaft Mining
29:56 Caravan
31:52 Murder Holes
32:08 Masonry
31:52 Heated Shot
32:16 Forging
32:08 Scale Mail Armor
32:16 Scale Barding Armor
32:15 Padded Archer Armor
32:07 Fletching
37:12 Imperial Age
35:48 Kamandaran
35:53 Crossbowman
36:50 Bloodlines
36:01 Light Cavalry
36:49 Arson
37:05 Squires
40:24 Thumb Ring
39:43 Pikeman
41:30 Leather Archer Armor
41:12 Bodkin Arrow
42:51 Two-Man Saw
43:45 Chain Barding Armor
45:13 Chemistry
44:51 Ring Archer Armor
46:30 Conscription
46:36 Halberdier
49:49 Elite War Elephant
50:48 Citadels
51:08 Husbandry
51:06 Gambesons
53:09 Iron Casting
52:50 Chain Mail Armor
52:47 Man-at-Arms
53:58 Hussar
55:40 Long Swordsman
55:44 Elite Skirmisher
57:11 Ballistics
56:37 Cavalier
59:12 Plate Mail Armor
59:17 Plate Barding Armor
59:44 Blast Furnace
63:22 Savar
64:49 Hoardings
64:50 Architecture
TSİNTSADZE
14:13 Feudal Age
14:43 Double-Bit Axe
14:40 Horse Collar
16:47 Wheelbarrow
16:18 Gold Mining
16:18 Stone Mining
16:32 Stone Mining
22:45 Castle Age
20:31 Loom
23:50 Bow Saw
23:42 Heavy Plow
27:00 Gold Shaft Mining
29:39 Hand Cart
32:38 Imperial Age
32:41 Forging
32:32 Scale Mail Armor
32:25 Fletching
33:43 Man-at-Arms
34:42 Bloodlines
34:32 Husbandry
34:39 Long Swordsman
35:23 Squires
35:12 Arson
36:38 Elite Janissary
36:50 Two-Handed Swordsman
38:16 Champion
39:55 Iron Casting
40:45 Two-Man Saw
41:58 Blast Furnace
41:14 Chain Mail Armor
42:34 Hoardings
52:06 Thumb Ring
54:13 Padded Archer Armor
54:44 Plate Mail Armor
54:10 Bodkin Arrow
59:55 Bracer
60:55 Masonry
60:57 Fortified Wall
62:21 Murder Holes
64:53 Architecture
64:15 Heated Shot
69:52 Thumb Ring
70:22 Leather Archer Armor
70:13 Scale Barding Armor
78:58 Ring Archer Armor
87:14 Chain Barding Armor
The kantinci
18:12 Feudal Age
18:57 Double-Bit Axe
19:04 Gold Mining
18:59 Horse Collar
20:47 Wheelbarrow
23:41 Castle Age
23:00 Scale Barding Armor
24:55 Bow Saw
25:28 Gold Shaft Mining
25:22 Chain Barding Armor
25:35 Stone Mining
27:24 Hand Cart
27:19 Heavy Plow
29:27 Treadmill Crane
32:59 Imperial Age
35:17 Two-Man Saw
34:57 Conscription
35:09 Corvinian Army
35:33 Elite Magyar Huszar
37:14 Plate Barding Armor
36:40 Scale Mail Armor
36:34 Man-at-Arms
36:37 Pikeman
37:03 Arson
37:44 Caravan
41:13 Chain Mail Armor
41:47 Crop Rotation
42:11 Coinage
41:58 Loom
44:10 Halberdier
65:23 Siege Engineers
65:39 Ballistics
85:50 Onager
Connection lost

Rejoining the realm…

Still unreachable

The connection could not be restored.

Session expired

The server has moved on; the page needs a fresh start.